 Dungeon Crawl Stone Soup version 0.24-a0-284-g9fb9971df1 (webtiles) character file.

Game seed: 17509482371379357042

13 Niddhogr the Stinger (level 2, -1/19 HPs)
             Began as a Formicid Venom Mage on May 5, 2019.
             Slain by a rat (2 damage)
             ... on level 2 of the Dungeon.
             The game lasted 00:01:16 (445 turns).

Niddhogr the Stinger (Formicid Venom Mage)           Turns: 445, Time: 00:01:16

Health: -1/19      AC:  2    Str: 12    XL:     2   Next: 50%
Magic:  0/5        EV: 12    Int: 14    God:
Gold:   14         SH:  0    Dex: 11    Spells: 4/5 levels left

rFire    . . .     SeeInvis +   (no weapon)
rCold    . . .     Gourm    .   (no shield)
rNeg     . . .     Faith    .   a - +0 robe
rPois    .         Spirit   .   (helmet unavailable)
rElec    .         Reflect  .   (no cloak)
rCorr    .         Harm     .   (no gloves)
MR       .....                  (no boots)
Stlth    ++........             (no amulet)
HPRegen  0.06/turn              (no ring)
MPRegen  0.09/turn              (no ring)

@: lethally poisoned (-1 -> -4)
A: permanent stasis, dig shafts and tunnels, four strong arms, antennae 3
a: Dig, Shaft Self


You were on level 2 of the Dungeon.
You were not hungry.

You visited 1 branch of the dungeon, and saw 2 of its levels.

You collected 14 gold pieces.

Inventory:

Armour
 a - a +0 robe (worn)
Comestibles
 b - a chunk of flesh
 c - a ration


   Skills:
 - Level 1.7 Dodging
 - Level 2.4 Stealth
 - Level 2.1 Spellcasting
 - Level 0.8 Conjurations
 + Level 5.0 Poison Magic


You had 4 spell levels left.
You knew the following spells:

 Your Spells              Type           Power        Failure   Level  Hunger
a - Sting                 Conj/Pois      #...         7%          1    #......

Your spell library contained the following spells:

 Spells                   Type           Power        Failure   Level  Hunger
 Poisonous Vapours        Pois/Air       #.....       13%         2    ###....
 Olgreb's Toxic Radiance  Pois           ###.....     28%         4    #####..
 Mephitic Cloud           Conj/Pois/Air  #.......     30%         3    ###....
 Venom Bolt               Conj/Pois      #.........   88%         5    ######.


Dungeon Overview and Level Annotations

Branches:
Dungeon (1/15)

Altars:


Innate Abilities, Weirdness & Mutations

You cannot be hasted, slowed, berserked, paralysed or teleported.
You can dig through walls and to a lower floor.
Your four strong arms can wield two-handed weapons with a shield.
You have a pair of large antennae on your head. (SInv)


Message History

You aren't carrying any potions.
You aren't carrying any potions.
You hit the adder.
You feel sick. The adder bites you.
* * * LOW HITPOINT WARNING * * *
The rat barely misses you.
You take 2 damage, and have 8/19 hp.
You closely miss the adder. The adder closely misses you. The adder bites you.
* * * LOW HITPOINT WARNING * * *
The rat twitches its whiskers.
The rat misses you.
You take 5 damage, and have 3/19 hp.
MASSIVE DAMAGE!!
Unknown command.
You completely miss the adder.
* * * LOW HITPOINT WARNING * * *
You feel sick. The adder barely misses you. The rat bites you.
* * * LOW HITPOINT WARNING * * *
You take 2 damage, and have 1/19 hp.
You barely miss the adder. The adder closely misses you. The rat bites you.
You die...

{
####+####
#.......#
#.⌠..@⌠.#
#....rS.#
+...⌠...+
#.......#
#.⌠...⌠.#
#.......#
####+####


You could see an adder and a rat.

Levels and vault maps discovered:
D:1:      elethiomel_arrival_infinity_welcomes_careful_drivers, layout_rooms
D:2:      minmay_angry_zag, layout_basic, nicolae_overflow_crystal_walls,
          minmay_fountain_box, lemuel_another_geyser

Notes
Turn   | Place    | Note
-------+----------+-------------------------------------------
     0 | D:1      | Niddhogr the Formicid Venom Mage began the quest for the
                  | Orb.
     0 | D:1      | Reached XP level 1. HP: 13/13 MP: 3/3
   205 | D:1      | Reached XP level 2. HP: 19/19 MP: 0/5
   398 | D:1      | Reached skill level 5 in Poison Magic
   435 | D:1      | You fall through a shaft!
   443 | D:2      | HP: 3/19 [adder (5)]
   444 | D:2      | HP: 1/19 [rat (1)]
   445 | D:2      | Slain by a rat

Table legend:
 A = Turns spent in this place as a percentage of turns spent in the entire game.
 B = Non-inter-level travel turns spent in this place as a percentage of non-inter-level travel turns spent in the entire game.
 C = Inter-level travel turns spent in this place as a percentage of turns spent in this place.
 D = Turns resting spent in this place as a percentage of non-inter-level travel turns spent in this place.
 E = Turns spent auto-exploring this place as a percentage of non-inter-level travel turns spent in this place.
 F = Non-inter-level travel turns spent in this place divided by the number of levels of this place that you've seen.
                   A       B       C       D       E      F
               +-------+-------+-------+-------+-------+----------------------
         Total | 100.0 | 100.0 |   0.0 |   0.0 |  80.0 | 222.5
       Dungeon | 100.0 | 100.0 |   0.0 |   0.0 |  80.0 | 222.5
               +-------+-------+-------+-------+-------+----------------------

Table legend:
 A = Kills in this place as a percentage of kills in entire the game.
 B = Kills by you in this place as a percentage of kills by you in the entire game.
 C = Kills by friends in this place as a percentage of kills by friends in the entire game.
 D = Other kills in this place as a percentage of other kills in the entire game.
 E = Experience gained in this place as a percentage of experience gained in the entire game.
 F = Experience gained in this place divided by the number of levels of this place that you have seen.
                   A       B       C       D       E      F
               +-------+-------+-------+-------+-------+----------------------
         Total | 100.0 | 100.0 |   N/A |   N/A | 100.0 |   9.5
       Dungeon | 100.0 | 100.0 |   N/A |   N/A | 100.0 |   9.5
               +-------+-------+-------+-------+-------+----------------------

Skill      XL: |  1  2 |
---------------+-------+-----
Poison Magic   | 5 |  5.0
Dodging        | |  1.7
Stealth        | |  2.4
Spellcasting   | |  2.1
Conjurations   | |  0.8

Action                   || total
-------------------------++-------
Melee: Unarmed           ||    29
 Cast: Sting             ||    22
Armor: Robe              ||     5
Dodge: Dodged            ||    33

Vanquished Creatures
  A ball python (D:1)
  2 goblins (D:1)
  4 jackals (D:1)
  2 bats (D:1)
  2 rats (D:1)
11 creatures vanquished.
